Map: Tête de pont EC (Void)

Players

AgCl

  • Race: Protoss Protoss
  • League: Gold

JAKING - Winner!

  • Race: Terran Terran
  • League: Master

VOD

Have the link to the VOD?

Description

Time

  • Played on: July 17, 2015, 6:38 p.m.
  • Length: 11:14
Show
View Real Time Build Order
Export as new Build Order

AgCl Protoss 

Build Orders: Oracle Opening 

Get SALT Encoding   

  12  0:14  Pylon  
  12  0:20  Probe  
  13  0:33  Gateway  
  13  0:34  Probe  
  14  0:44  Assimilator  
  14  0:46  Probe (Chrono Boost)  
  15  0:54  Pylon  
  15  0:58  Probe (Chrono Boost)  
  16  1:06  Probe (Chrono Boost)  
  17  1:15  Probe  
  18  1:19  Assimilator  
  18  1:21  Zealot (Chrono Boost)  
  20  1:30  Cybernetics Core  
  20  1:32  Probe  
  21  1:44  Probe (Chrono Boost)  
  23  1:55  Probe (Chrono Boost)  
  23  2:01  Probe  
  24  2:09  Stargate, Warp Gate (Chrono Boost)  
  24  2:14  Probe  
  25  2:19  Adept (Chrono Boost)  
  27  2:26  Probe  
  28  2:32  Pylon  
  28  2:38  Probe  
  29  2:50  Mothership Core  
  29  3:02  Oracle  
  30  3:17  Probe  
  31  3:33  Probe  
  32  3:47  Gateway, Probe  
  33  3:59  Probe  
  34  4:11  Probe  
  32  4:22  Pylon  
  19  4:24  Gateway  
  19  4:31  Probe (Chrono Boost)  
  20  4:41  Probe (Chrono Boost)  
  21  5:00  Probe (Chrono Boost)  
  22  5:10  Probe (Chrono Boost)  
  23  5:17  Probe (Chrono Boost)  
  24  5:29  Probe (Chrono Boost)  
  25  5:38  Probe (Chrono Boost)  
  26  5:46  Probe (Chrono Boost)  
  27  5:58  Probe (Chrono Boost)  
  28  6:07  Probe (Chrono Boost)  
  29  6:15  Pylon  
  29  6:16  Probe  
  30  6:27  Nexus  
  30  6:29  Pylon  
  31  6:36  Probe  
  31  6:41  Twilight Council  
  31  6:48  Probe  
  32  7:14  Nexus  
  32  7:20  Pylon  
  32  7:26  Templar Archives  
  32  7:28  Probe (Chrono Boost)  
  34  7:37  Probe (Chrono Boost)  
  34  7:39  Probe (Chrono Boost)  
  35  7:49  Probe (Chrono Boost)  
  35  7:50  Probe (Chrono Boost)  
  37  7:56  Adept x2  
  37  7:57  Probe  
  42  8:05  Probe  
  43  8:10  Probe  
  44  8:20  Probe (Chrono Boost), Pylon  
  45  8:29  Probe (Chrono Boost)  
  45  8:30  Probe (Chrono Boost)  
  45  8:32  Probe (Chrono Boost), Assimilator  
  45  8:39  High Templar x2  
  45  8:40  Probe (Chrono Boost), High Templar  
  52  8:43  Archon  
  52  8:45  Probe  
  52  8:47  Probe, Shield Upgrade  
  52  8:53  Probe  
  51  8:57  Probe (Chrono Boost)  
  51  9:02  Assimilator x2  
  53  9:07  Robotics Facility  
  53  9:09  Probe (Chrono Boost), Pylon  
  54  9:12  Probe (Chrono Boost)  
  54  9:14  Assimilator  
  54  9:15  Probe (Chrono Boost)  
  55  9:23  Probe x2 (Chrono Boost)  
  57  9:25  Forge  
  57  9:30  High Templar x3  
  63  9:32  Probe (Chrono Boost)  
  63  9:36  Archon  
  63  9:37  Archon  
  66  9:39  Probe x2 (Chrono Boost)  
  66  9:41  Probe (Chrono Boost)  
  63  9:48  Probe (Chrono Boost)  
  63  9:52  Phoenix  
  60  9:57  Probe (Chrono Boost)  
  58  10:01  Probe (Chrono Boost)  
  58  10:05  Probe (Chrono Boost)  
  58  10:08  Probe (Chrono Boost), Photon Cannon  
  58  10:09  Probe (Chrono Boost)  
  58  10:12  Probe (Chrono Boost)  
  58  10:15  Probe  
  58  10:16  Photon Cannon  
  58  10:17  Probe, Phoenix  
  58  10:19  Pylon  
  62  10:33  Probe  
  49  10:43  Pylon  
  49  10:48  Observer  
  51  10:52  Probe (Chrono Boost)  
  51  10:54  Probe x2 (Chrono Boost)  
  53  11:01  Probe (Chrono Boost)  
  53  11:02  Probe (Chrono Boost)  
  53  11:04  Probe (Chrono Boost)  
  51  11:09  Pylon  
  49  11:13  Assimilator  
Show
View Real Time Build Order
Export as new Build Order

JAKING Terran - Winner!

Build Orders: MMM Bio 

Get SALT Encoding   

  12  0:03  SCV  
  13  0:15  SCV  
  13  0:19  Supply Depot  
  14  0:28  SCV  
  15  0:44  Barracks  
  15  0:46  SCV, Refinery  
  16  0:58  SCV  
  16  1:04  Barracks  
  17  1:10  SCV  
  18  1:17  Refinery  
  18  1:22  SCV  
  20  1:32  Reaper  
  20  1:39  Orbital Command  
  20  1:44  Bunker  
  20  1:51  Reaper  
  21  2:07  SCV  
  21  2:08  Reaper  
  23  2:09  Supply Depot  
  23  2:19  Bunker  
  23  2:30  SCV, Reaper  
  24  2:51  Reaper  
  25  3:02  Reaper  
  26  3:09  SCV  
  27  3:19  Supply Depot, Factory  
  26  3:23  SCV, Reaper  
  28  3:34  Command Center  
  28  3:35  SCV  
  29  3:41  Supply Depot  
  29  3:47  SCV  
  30  3:53  Engineering Bay  
  30  4:03  Widow Mine  
  27  4:25  SCV  
  27  4:27  Missile Turret  
  27  4:29  Missile Turret  
  26  4:32  Marine x2  
  26  4:33  Missile Turret  
  28  4:44  SCV  
  29  4:56  SCV, Marine x2  
  32  5:00  Bunker  
  32  5:08  SCV  
  32  5:12  Missile Turret  
  33  5:16  Marine x2  
  33  5:20  Factory Tech Lab, SCV  
  36  5:32  SCV  
  36  5:33  Terran Infantry Weapons Level 1, Barracks  
  38  5:36  Orbital Command  
  38  5:42  Refinery  
  37  5:44  SCV  
  38  5:50  Siege Tank  
  38  5:56  SCV  
  42  5:58  Supply Depot  
  42  6:08  SCV  
  42  6:09  Marine x2  
  43  6:20  SCV  
  43  6:22  Bunker  
  44  6:27  Marine  
  44  6:28  SCV  
  44  6:30  Missile Turret  
  46  6:33  SCV  
  46  6:35  Refinery  
  46  6:39  Barracks Tech Lab  
  47  6:40  SCV  
  47  6:45  SCV, Siege Tank, Starport  
  52  6:52  SCV  
  53  6:57  SCV  
  53  7:00  Stimpack  
  54  7:02  Marine  
  54  7:03  Marine  
  54  7:04  SCV  
  57  7:09  Missile Turret  
  57  7:11  Missile Turret  
  57  7:15  SCV, Liberator  
  58  7:19  SCV  
  59  7:27  SCV  
  63  7:31  SCV  
  63  7:35  Starport  
  64  7:38  Armory, Terran Infantry Armor Level 1  
  64  7:39  SCV  
  64  7:40  Siege Tank  
  64  7:44  SCV  
  69  7:45  Missile Turret  
  69  7:56  SCV  
  69  8:03  Barracks Reactor  
  68  8:15  SCV  
  68  8:25  SCV  
  69  8:28  SCV  
  70  8:40  SCV  
  70  8:45  Supply Depot  
  70  8:48  Command Center  
  70  8:52  Marine x2  
  70  8:53  SCV  
  70  8:54  SCV  
  70  8:55  Supply Depot  
  68  8:57  Supply Depot  
  68  8:59  Supply Depot  
  68  9:01  Supply Depot  
  68  9:06  SCV x2, Thor  
  68  9:07  Marine x2  
  68  9:09  Combat Shields  
  78  9:11  Starport Reactor, Starport Tech Lab  
  78  9:18  SCV  
  78  9:19  Supply Depot, SCV  
  78  9:20  Supply Depot  
  80  9:27  Missile Turret  
  80  9:30  SCV  
  80  9:31  SCV  
  81  9:42  SCV  
  81  9:43  SCV  
  81  9:44  Supply Depot  
  80  9:50  Command Center  
  80  9:51  Marine x3  
  78  9:54  SCV, Raven  
  78  9:55  SCV  
  78  9:56  Medivac x2  
  78  9:57  Marauder  
  78  9:59  Siege Tank  
  91  10:03  Orbital Command  
  91  10:06  SCV  
  92  10:08  SCV  
  92  10:16  Bunker  
  92  10:18  SCV  
  92  10:20  SCV  
  94  10:30  SCV  
  94  10:32  Command Center  
  94  10:33  SCV  
  95  10:42  SCV  
  95  10:43  SCV  
  95  10:45  SCV  
  95  10:46  Marine x2  
  109  10:55  SCV  
  110  11:00  Barracks Tech Lab  
  110  11:01  SCV  
  112  11:08  Refinery  
  112  11:09  Refinery  
Tags
 
Add a new tag
Caveats
  • Supply blocks, unpowered buildings, or Contaminate may cause inaccurate times.
  • Supply counts are checked every 10 seconds.